 Dungeon Crawl Stone Soup version 0.25.0-45-g978344163c (webtiles) character file.

Game seed: 14965911056573360653

1404 Aviak the Chiller (level 8, -1/64 HPs)
             Began as a Demonspawn Ice Elementalist on July 12, 2020.
             Was an Initiate of Vehumet.
             Slain by a wight
             ... wielding a +2 flail
              (10 damage)
             ... on level 6 of the Dungeon.
             The game lasted 00:12:23 (6846 turns).

Aviak the Chiller (Demonspawn Ice Elementalist)     Turns: 6846, Time: 00:12:23

Health: -1/64      AC:  7    Str:  7 (8)  XL:     8   Next: 42%
Magic:  8/16       EV: 11    Int: 18 (19) God:    Vehumet [......]
Gold:   314        SH:  0    Dex: 11 (14) Spells: 11/18 levels left

rFire    . . .     SeeInvis .   k - +1 dagger (flame)
rCold    . . .     Gourm    .   (no shield)
rNeg     . . .     Faith    .   b - +0 leather armour
rPois    .         Spirit   .   (no helmet)
rElec    .         Reflect  .   (no cloak)
rCorr    .         Harm     .   (no gloves)
MR       .....                  e - +0 pair of boots
Stlth    +.........             (no amulet)
HPRegen  1.20/turn              (no ring)
MPRegen  0.15/turn              (no ring)

@: frozen ramparts
A: talons 1, slimy green scales 2, powered by death 1
a: Renounce Religion


You were on level 6 of the Dungeon.
You worshipped Vehumet.
Vehumet was noncommittal.
You were not hungry.

You visited 2 branches of the dungeon, and saw 7 of its levels.

You collected 314 gold pieces.

Inventory:

Hand Weapons
 f - a +0 dagger
 k - a +1 dagger of flaming (weapon)
Armour
 a - a +0 robe
 b - a +0 leather armour (worn)
 e - a +0 pair of boots (worn)
Jewellery
 l - a cursed -4 ring of evasion {unknown}
 p - an uncursed ring of ice {unknown}
Scrolls
 g - 10 scrolls of identify {unknown}
 i - a scroll of magic mapping
 q - a scroll of random uselessness
 r - 7 scrolls of remove curse
Potions
 m - a potion of ambrosia
 u - a potion of stabbing {unknown}
Comestibles
 c - a chunk of flesh
 o - 8 rations


   Skills:
 + Level 5.8 Fighting
 + Level 0.2 Short Blades
 + Level 1.8 Dodging
 - Level 1.7 Stealth
 + Level 5.8 Spellcasting
 - Level 6.6 Ice Magic


You had 11 spell levels left.
You knew the following spells:

 Your Spells              Type           Power        Failure   Level  Hunger
a - Freeze                Ice            ####         1%          1    None
b - Frozen Ramparts       Ice            ####..       3%          3    ##.....
c - Ozocubu's Armour      Chrm/Ice       ###.....     14%         3    ##.....

Your spell library contained the following spells:

 Spells                   Type           Power        Failure   Level  Hunger
 Hailstorm                Conj/Ice       ###.....     43%         4    ####...
 Summon Ice Beast         Ice/Summ       ###.....     43%         4    ####...


Dungeon Overview and Level Annotations

Branches:
Dungeon (6/15)             Temple (1/1) D:4

Altars:
Cheibriados
Dithmenos
Fedhas
Gozag
Hepliaklqana
Kikubaaqudgha
Makhleb
Nemelex Xobeh
Okawaru
Qazlal
Ru
Sif Muna
Uskayaw
Vehumet
Wu Jian
Xom
Yredelemnul
Zin
The Shining One

Annotations:
D:6 Menkaure


Innate Abilities, Weirdness & Mutations

You have sharp toenails.
You are mostly covered in slimy green scales. (AC +3)
You regenerate a little health from kills.


Message History

The gnoll hits you with a +0 halberd!
* * * LOW HITPOINT WARNING * * *
The wight resists.
The wall freezes the wight.
The wight resists.
The wall freezes the wight.
The wall freezes the orc.
You kill the orc!
Vehumet accepts your kill.
Unknown command.
You hit the gnoll. You burn the gnoll.
You kill the gnoll!
Vehumet accepts your kill.
The wall freezes the hound.
The wight resists.
The wall freezes the wight.
The wall freezes the gnoll!
You kill the gnoll!
Vehumet accepts your kill.
The wall freezes the hound.
The hound bites you.
* * * LOW HITPOINT WARNING * * *
The wight completely resists.
The wall freezes the wight but do no damage.
The wight hits you with a +2 flail!
You die...

********,*,,,**,*,*
....,,,..#.#.*#.*,*
...#*##.(.,..,#.*,*
...+,#...#,*..#.*,*
...#*#...#,*,o#.*,**
...# #...#,#,,o.,,,*
...# #...#,#.##.*,**
...###...#.#..g)####
..)......#..<).h@z.#
######..#########z##
#..z.z...# #z#
#.######.# #.# #.#
#z# #.# #.# #.# #.#
#.# #z# #># #.# #.#
#.# #.######.###.#


You could see a hound, 3 wights, an orc wizard, a gnoll and an orc.

Vanquished Creatures
  Duvessa (D:5)
  An ice beast (D:5)
  A phantom (D:4)
  2 ogres
  2 centaurs
  A bullfrog (D:6)
  Dowan (D:5)
  A crimson imp (D:5)
  A hound (D:4)
  3 orc priests
  Terence (D:2)
  4 orc wizards
  5 worker ants
  A hound skeleton (D:4)
  Robin (D:2)
  A howler monkey skeleton (D:4)
  8 adders
  4 gnolls (D:6)
  2 oozes
  4 worms
  3 dart slugs
  3 leopard geckos
  17 orcs
  5 bats
  5 giant cockroaches
  12 goblins
  10 hobgoblins
  3 jackals (D:5)
  7 kobolds
  4 quokkas
  7 frilled lizards
  3 quokka skeletons (D:4)
  5 rats
129 creatures vanquished.

Notes
Turn   | Place    | Note
-------+----------+-------------------------------------------
     0 | D:1      | Aviak the Demonspawn Ice Elementalist began the quest for
                  | the Orb.
     0 | D:1      | Reached XP level 1. HP: 13/13 MP: 3/3
   221 | D:1      | Gained mutation: You are partially covered in slimy green
                  | scales. (AC +2) [demonic ancestry]
   221 | D:1      | Reached XP level 2. HP: 5/20 MP: 0/5
   484 | D:1      | Reached skill level 1 in Fighting
  1039 | D:1      | Gained mutation: You are mostly covered in slimy green
                  | scales. (AC +3) [demonic ancestry]
  1039 | D:1      | Reached XP level 3. HP: 26/26 MP: 4/6
  1415 | D:2      | Reached skill level 4 in Ice Magic
  1462 | D:2      | Noticed Terence
  1490 | D:1      | Learned a level 3 spell: Frozen Ramparts
  1494 | D:2      | Killed Terence
  1595 | D:2      | Found a blossoming altar of Fedhas.
  1739 | D:2      | Noticed Robin
  1741 | D:2      | Reached XP level 4. HP: 29/33 MP: 1/8
  1749 | D:2      | Killed Robin
  2573 | D:3      | Reached XP level 5. HP: 5/39 MP: 4/9
  3438 | D:4      | Found a staircase to the Ecumenical Temple.
  3439 | D:4      | Noticed an ogre
  3456 | D:4      | Killed an ogre
  3456 | D:4      | Gained mutation: You have sharp toenails. [demonic
                  | ancestry]
  3456 | D:4      | Reached XP level 6. HP: 47/47 MP: 6/11
  3490 | D:4      | Reached skill level 5 in Ice Magic
  3506 | Temple   | Entered the Ecumenical Temple
  4532 | D:4      | Gained mutation: You regenerate a little health from kills.
                  | [demonic ancestry]
  4532 | D:4      | Reached XP level 7. HP: 20/54 MP: 13/13
  5503 | D:5      | Entered Level 5 of the Dungeon
  5563 | D:5      | Noticed Duvessa
  5571 | D:5      | Noticed Dowan
  5579 | D:5      | Killed Dowan
  5583 | D:5      | Killed Duvessa
  5583 | D:5      | Reached skill level 5 in Spellcasting
  5749 | D:5      | Reached skill level 6 in Ice Magic
  5803 | D:5      | Reached skill level 5 in Fighting
  5839 | D:5      | Found a glowing silver altar of Zin.
  5840 | D:5      | Found a radiant altar of Vehumet.
  5897 | D:5      | Reached XP level 8. HP: 18/62 MP: 15/15
  6060 | D:5      | Became a worshipper of Vehumet
  6065 | D:5      | Learned a level 3 spell: Ozocubu's Armour
  6759 | D:6      | Noticed Menkaure
  6846 | D:6      | Slain by a wight

Illustrated notes

Levels and vault maps discovered:
D:1:      nicolae_arrival_washed_ashore, layout_basic, serial_forest,
          infiniplex_forest_join, infiniplex_forest_corner_1,
          infiniplex_forest_pool, infiniplex_forest_corner_1,
          infiniplex_forest_clump_C, infiniplex_forest_clump_double,
          infiniplex_forest_straight_5
D:2:      layout_rooms, fedhas_altar_2, minmay_pentomino_o4, uniq_robin,
          uniq_terence
D:3:      layout_loops_ring, minmay_misc_feat_four_crosses
D:4:      minmay_bubble_buster, layout_basic, minmay_temple_entry_trees,
          first_ration
D:5:      layout_basic, grunt_temple_overflow_open, minmay_misc_feat_alley,
          uniq_duvessa
D:6:      layout_basic, tso_metal_star, uniq_sigmund, uniq_menkaure
Temple:   eino_temple_rhombus

Skill      XL: |  1  2  3  4  5  6  7 |
---------------+----------------------+-----
Fighting       | 1 2 3 4 5 |  5.8
Ice Magic      | 4 5 6 |  6.6
Spellcasting   | 3 4 5 |  5.8
Short Blades   | |  0.2
Dodging        | |  1.8
Stealth        | |  1.7

Action                   |  1- 3 |  4- 6 |  7- 9 || total
-------------------------+-------+-------+-------++-------
Melee: Unarmed           |    22 |       |       ||    22
       Dagger            |    28 |   172 |   121 ||   321
 Cast: Freeze            |    45 |     6 |     6 ||    57
       Frozen Ramparts   |     3 |    17 |    21 ||    41
       Ozocubu's Armour  |       |       |     1 ||     1
  Use: Potion            |       |     1 |     8 ||     9
       Scroll            |       |       |     4 ||     4
 Stab: Sleeping          |       |     3 |       ||     3
  Eat: Chunk             |     1 |     9 |     6 ||    16
       Ration            |     1 |       |     1 ||     2
Armor: Leather armour    |    28 |    58 |    48 ||   134
       Robe              |     1 |       |       ||     1
       Skin              |       |       |     1 ||     1
Dodge: Dodged            |    45 |    90 |    71 ||   206
